Cogmind - Beta 13 @@@ ROGUE MODE // 2024.03.04 @ 10:00:47 Player: J1ANG-5HI Result: Destroyed by 0U-J3A(R) with Subdweller Laser Performance ------------- Evolutions (0) 0 Regions Visited (2) 400 Robots Destroyed (21) 105 Value Destroyed (477) 477 Prototype IDs (0) 0 Alien Tech Used (0) 0 Bonus (0) 0 TOTAL SCORE: 982 Bonus ------- None Cogmind --------- Core Integrity 0/250 Matter 270/300 Energy 95/125 System Corruption 2% Temperature Cool (6) Movement Treading (160) Location -10/Subcaves Parts ------- > --- POWER (1) -------- Light Ion Engine > --- PROPULSION (2) --- Light Treads Light Treads > --- UTILITY (2) ------ Large Storage Unit Core Shielding > --- WEAPON (2) ------- Assault Rifle Hammer > --- INVENTORY (15) --- Light Ion Engine Improved Heat Sink Huge Storage Unit Sensor Array Seismic Detector Assault Rifle Assault Rifle Assault Rifle Assault Rifle Assault Rifle Light Assault Rifle Peak State ------------ > --- POWER ------------ Light Ion Engine > --- PROPULSION ------- Aluminum Leg Aluminum Leg > --- UTILITY ---------- Small Storage Unit Seismic Detector > --- WEAPON ----------- Assault Rifle Light Assault Rifle > --- INVENTORY -------- Light Treads Light Treads Compact Wheel Compact Wheel Heat Sink Improved Heat Sink Light Armor Plating Assault Rifle [Rating: 8] Favorites ----------- Power Light Ion Engine Engine Light Ion Engine Propulsion Compact Wheel Treads Light Treads Leg Aluminum Leg Wheel Compact Wheel Utility Large Storage Unit Device Seismic Detector Storage Large Storage Unit Protection Light Armor Plating Weapon Assault Rifle Ballistic Gun Assault Rifle Impact Weapon Hammer Build | -11 -10 -10 ------- Run | Yrd Mat Sub Slots Evolved . | . . . Power . | . . . Propulsion . | . . . Utility . | . . . Weapon . | . . . Parts Attached 19 | . 13 6 Power 3 | . 3 . Engine 3 | . 3 . Core . | . . . Reactor . | . . . Propulsion 4 | . 2 2 Treads 2 | . . 2 Leg . | . . . Wheel 2 | . 2 . Hover . | . . . Flight . | . . . Utility 5 | . 3 2 Device 2 | . 2 . Storage 1 | . 1 . Processor . | . . . Hackware . | . . . Protection 2 | . . 2 Artifact . | . . . Weapon 7 | . 5 2 Energy Gun . | . . . Energy Cannon . | . . . Ballistic Gun 5 | . 4 1 Ballistic Cannon . | . . . Launcher . | . . . Special Weapon . | . . . Impact Weapon 2 | . 1 1 Slashing Weapon . | . . . Piercing Weapon . | . . . Special Melee Weapon . | . . . Unidentified Prototypes . | . . . Parts Lost 7 | . 4 3 Power 2 | . 2 . Propulsion 3 | . 1 2 Utility 1 | . . 1 Weapon 1 | . 1 . Highest Loss Streak 2 | . 1 2 To Critical Strikes . | . . . Average Slot Usage (%) 90 | . 90 89 Engine 10 | . 9 14 Leg 8 | . 10 . Wheel 18 | . 17 18 Device 7 | . 9 . Storage 14 | . 14 14 Protection 2 | . . 13 Ballistic Gun 27 | . 27 26 Naked Turns . | . . . Heaviest Build 30 | 11 28 30 Greatest Support 32 | 20 32 32 Greatest Overweight (x) 8 | . . 8 Average Overweight (x) . | . . . Largest Inventory Capacity 15 | . 15 15 Average Capacity 12 | . 11 15 Most Carried 15 | . 15 14 Average Carried 10 | . 9 13 Final Capacity 15 | 8 15 15 Final Carried 14 | 6 14 11 Class Distribution -------------------- 100% | Mutant Dominant Class ---------------- Mutant | -10/Materials Mutant | -10/Subcaves Resources | -11 -10 -10 ----------- Run | Yrd Mat Sub Matter Collected 690 | 200 367 123 Remotely . | . . . Salvage Created 630 | . 552 78 Parts 52 | . 44 8 Haulers Intercepted 2 | . 2 . Recyclers Shooed . | . . . Parts Field Recycled . | . . . Retrieved Matter . | . . . Parts Self-Destructed 11 | . . 11 Prevented . | . . . Kills | -11 -10 -10 ------- Run | Yrd Mat Sub Combat Hostiles Destroyed 16 | . 14 2 Guns 16 | . 14 2 Classes Destroyed 5 | . 4 1 Hauler 2 | . 2 . Watcher 3 | . 3 . Swarmer 6 | . 6 . Grunt 8 | . 8 . Subdweller 2 | . . 2 Best Kill Streak 6 | . 6 1 Combat Bots Only 6 | . 6 1 Max Kills in Single Turn 1 | . 1 1 Gunslinging . | . . . Exploded . | . . . Melee . | . . . Uniques/NPCs Destroyed . | . . . Combat | -11 -10 -10 -------- Run | Yrd Mat Sub Hostile Shots Fired 111 | . 80 31 Missed 31 | . 24 7 Damage Taken 1117 | . 622 495 Core 252 | . 108 144 Absorbed by Shields . | . . . Redirected to Shielding 4 | . . 4 Regen/Repaired (Parts) 22 | . 22 . Core Remaining (%) 100 | 100 . . Volleys Fired 90 | . 65 25 Largest 2 | . 2 1 Hottest 40 | . 40 20 Shots Fired 158 | . 132 26 Gun 158 | . 132 26 Cannon . | . . . Launcher . | . . . Special . | . . . Kinetic 158 | . 132 26 Thermal . | . . . Explosive . | . . . Electromagnetic . | . . . Robot Hit Streak 14 | . 14 12 Robot Miss Streak 5 | . 5 2 Penetration Max . | . . . Secondary Targets 2 | . 2 . Max Gunslinging Chain 1 | . 1 . Shots Hit Robots 110 | . 89 21 Core Hits 38 | . 33 5 Critical Kills . | . . . Critical Parts Destroyed . | . . . Critical Strikes . | . . . Melee Attacks 15 | . 8 7 Impact 15 | . 8 7 Slashing . | . . . Piercing . | . . . Sneak Attacks . | . . . Combat Hostiles . | . . . Follow-up Attacks . | . . . Damage Inflicted 1231 | . 963 268 Guns 1195 | . 963 232 Cannons . | . . . Explosions . | . . . Melee 36 | . . 36 Ramming . | . . . Kinetic 1195 | . 963 232 Thermal . | . . . Explosive . | . . . Electromagnetic . | . . . Impact 36 | . . 36 Slashing . | . . . Piercing . | . . . Highest Corruption 2 | . 2 2 Average Corruption 2 | . 2 2 Corruption Purged . | . . . Corruption Blocked . | . . . Effects 11 | . 7 4 Message Errors 2 | . 2 . Matter Fused 2 | . . 2 Heat Flow Errors 3 | . 2 1 Energy Discharges 1 | . 1 . Misfires 3 | . 2 1 Overload Shots . | . . . Overflow Damage . | . . . Projectiles . | . . . Explosions . | . . . Melee . | . . . Knockbacks 1 | . . 1 Impact 1 | . . 1 Kinetic . | . . . Secondary . | . . . Self-Inflicted Damage . | . . . Shots . | . . . Rammed . | . . . Targets Rammed . | . . . Kicked . | . . . Crushed . | . . . Highest Temperature 246 | . 246 68 Average Temperature 47 | . 47 49 Received Heat Transfer 450 | . 303 147 Siege Activations . | . . . Robots Corrupted . | . . . Combat Hostiles . | . . . Parts Fried . | . . . Impact Corruptions . | . . . Robots Melted . | . . . Combat Hostiles . | . . . Parts Melted . | . . . Heat Transferred . | . . . Parts Sabotaged . | . . . Parts Stolen . | . . . Parts Stripped . | . . . Power Chain Reactions . | . . . Alert | -11 -10 -10 ------- Run | Yrd Mat Sub Peak Influence 397 | . 397 . Initial . | . . . Average 183 | . 183 . Maximum Alert Level 1 | . 1 . Low Security (%) 53 | . 53 . Level 1 46 | . 46 . Level 2 . | . . . Level 3 . | . . . Level 4 . | . . . Level 5 . | . . . High Security . | . . . Max Security . | . . . Squads Dispatched 4 | . 4 . Investigation 1 | . 1 . Extermination . | . . . Reinforcement 3 | . 3 . Assault . | . . . Garrison . | . . . Intercept . | . . . Searches Triggered . | . . . Construction Impeded . | . . . Haulers Reinforced . | . . . Active Scanning Responses . | . . . Cargo Convoy Interrupts . | . . . Stealth | -11 -10 -10 --------- Run | Yrd Mat Sub Distress Signals . | . . . Communications Jammed . | . . . Distress Signals . | . . . Times Spotted 31 | . 27 4 Peak Tracking Total 8 | . 8 2 Tactical Retreats 1 | . 1 . Traps | -11 -10 -10 ------- Run | Yrd Mat Sub Traps Triggered 2 | . 2 . Indirectly . | . . . Trap Hack Attempts . | . . . Triggered . | . . . Disarmed . | . . . Reprogrammed . | . . . Reused . | . . . Traps Extracted . | . . . Installed . | . . . Triggered . | . . . Machines | -11 -10 -10 ---------- Run | Yrd Mat Sub Machines Disabled . | . . . Max in Single Turn . | . . . Machines Repaired . | . . . Machines Dismantled . | . . . Machines Sabotaged . | . . . Overloaded Fab Kills . | . . . Hacking | -11 -10 -10 --------- Run | Yrd Mat Sub Machines Accessed 6 | . 6 . Terminals 4 | . 4 . Fabricators . | . . . Repair Stations 1 | . 1 . Recycling Units 1 | . 1 . Scanalyzers . | . . . Garrison Access . | . . . Total Hacks 18 | . 18 . Successful 12 | . 12 . Failed 6 | . 6 . Catastrophic 1 | . 1 . Database Lockouts . | . . . Manual 12 | . 12 . Terminals 12 | . 12 . Fabricators . | . . . Repair Stations 4 | . 4 . Recycling Units 2 | . 2 . Scanalyzers . | . . . Garrison Access . | . . . Terminal Hacks 3 | . 3 . Robot Analysis 2 | . 2 . Locate Traps 1 | . 1 . Fabricator Hacks . | . . . Repair Station Hacks 4 | . 4 . Scan Component 2 | . 2 . Repair 2 | . 2 . Recycling Unit Hacks 1 | . 1 . Report Inventory 1 | . 1 . Scanalyzer . | . . . Garrison Access Hacks . | . . . Unauthorized Hacks 4 | . 4 . Terminals 4 | . 4 . Assimilate 1 | . 1 . Botnet 3 | . 3 . Fabricators . | . . . Repair Stations . | . . . Recycling Units . | . . . Scanalyzers . | . . . Garrison Access . | . . . Data Cores Recovered . | . . . Used . | . . . Hacking Detections 6 | . 6 . Full Trace Events . | . . . Feedback Events . | . . . Feedback Blocked . | . . . Robot Schematics Acquired . | . . . Robots Built . | . . . Authchips . | . . . Time . | . . . Total Robot Build Rating . | . . . Part Schematics Acquired . | . . . Parts Built . | . . . Authchips . | . . . Time . | . . . Total Part Build Rating . | . . . Parts Repaired 2 | . 2 . Time 52 | . 52 . Parts Recycled . | . . . Recycled Matter . | . . . Retrieved Matter . | . . . Retrieved Components . | . . . Parts Scanalyzed . | . . . Part Schematics Acquired . | . . . Parts Damaged . | . . . Bothacking | -11 -10 -10 ------------ Run | Yrd Mat Sub Used RIF Installer . | . . . Robots Hacked . | . . . Non-combat . | . . . Combat . | . . . Robot Hacks Applied . | . . . Relay Couplers Released . | . . . Fabnet Peak Effective % . | . . . Robots Rewired . | . . . Allies Hacked . | . . . Hacks Repelled . | . . . Allies | -11 -10 -10 -------- Run | Yrd Mat Sub Total Allies . | . . . Largest Group . | . . . Highest-Rated Group . | . . . Highest-Rated Ally . | . . . Total Orders . | . . . Ally Attacks . | . . . Total Damage . | . . . Kills . | . . . Allies Corrupted . | . . . Allies Melted . | . . . Intel | -11 -10 -10 ------- Run | Yrd Mat Sub Robot Analysis Total 2 | . 2 . Derelict Logs Recovered . | . . . Drone Launches . | . . . Drone Recoveries . | . . . Exploration | -11 -10 -10 ------------- Run | Yrd Mat Sub Turns Passed 1285 | . 1051 234 Spaces Moved 796 | 1 651 144 Core 1 | . . 1 Treads . | . . . Legs 158 | 1 157 . Wheels 637 | . 494 143 Hover . | . . . Flight . | . . . Fastest Speed 100 | 120 100 100 Average Speed 105 | 120 104 108 Slowest Speed 450 | 120 120 450 Overloaded Moves . | . . . Propulsion Burnouts . | . . . Robots Hopped . | . . . Cave-ins Triggered . | . . . Exploration Rate (%) 36 | 1 93 14 Regions Visited 2 Branch Regions 1 Pre-discovered Areas . | . . . Known Exits Taken . | . . . Unknown Exits Taken 2 | 1 1 . Scrap Searched . | . . . Spaces Dug 1 | . 1 . Terrain Destroyed 1 | . 1 . Melee 1 | . 1 . Projectile . | . . . AOE . | . . . Terrain Rammed . | . . . Walls Destroyed . | . . . Machines Disabled . | . . . Actions | -11 -10 -10 --------- Run | Yrd Mat Sub Total 1071 | . 889 182 Wait 131 | . 131 . Move 794 | . 650 144 Hop . | . . . Pick Up 16 | . 16 . Fast Attach 1 | . 1 . Attach 9 | . 6 3 Detach . | . . . Swap 9 | . 6 3 Drop 6 | . 6 . Fire 90 | . 65 25 Melee 15 | . 8 7 Ram . | . . . Kick . | . . . Crush . | . . . Escape Stasis . | . . . Rewire . | . . . Trap . | . . . Miscellaneous . | . . . Route ------- -11/Scrapyard -10/Materials (discovered 5 exits: [*Mat x3] / [*Min] / [*Sub]) -10/Subcaves (discovered 1 exit: [*Mat]) History --------- Turn | Location | Event 1 | -11/Scrapyard | Discovered new exit (range 0) 1 | -11/Scrapyard | Entered Materials 157 | -10/Materials | Discovered new exit (range 3) 335 | -10/Materials | Build established: Mutant 442 | -10/Materials | Discovered new exit (range 5) 530 | -10/Materials | Discovered new exit (range 5) 573 | -10/Materials | Repaired Seismic Detector 600 | -10/Materials | Repaired Lgt. Ion Engine 615 | -10/Materials | Discovered new exit (range 16) 1048 | -10/Materials | Discovered new exit (range 3) 1052 | -10/Materials | Entered Subcaves 1081 | -10/Subcaves | Shifting Twisted Machinery released Flamer 1112 | -10/Subcaves | Shifting Twisted Machinery released Battle Rifle 1114 | -10/Subcaves | Shifting Twisted Machinery released Sub. Machine Gun 1123 | -10/Subcaves | Discovered new exit (range 8) 1170 | -10/Subcaves | Core integrity fell below 50% 1281 | -10/Subcaves | Core integrity fell below 20% 1286 | -10/Subcaves | Destroyed by 0U-J3A(R) with Subdweller Laser Last Messages --------------- to Scrap Shield. 01166_ XL-H9H(R) affixes Scrap Shield Fragment to Scrap Shield. 01173_ XL-H9H(R) affixes Scrap Shield Fragment to Scrap Shield. 01182_ XL-H9H(R) destroyed. 01190_ System corrupted: Matter fused (-9). 01193_ Acquired 48 matter. 01194_ Acquired 30 matter. 01222_ System corrupted: Heat flow error (+105). 01231_ P8-5W1(u) builds Twisted Machinery. 01243_ Acquired 3 matter. 01245_ P8-5W1(u) builds Twisted Machinery. 01248_ System corrupted: FCS attempts to trigger Assault Rifle. 01248_ System corrupted: Assault Rifle misfires. 01249_ Acquired 9 matter. 01275_ Lgt. Armor Plating destroyed. 01275_ KN-CM5(R) knocked back. 01276_ Com. Wheel destroyed. Map ----- +----------------------------------------------------+ | ?????????????????????????????????????????????????? | | ?????????????????????????????????????????????????? | | ?????????????????????????????????????????????????? | | ?????????????????????????????????????????????????? | | ?????????????????????????????????????????????????? | | ?????????????????????????????????????????????????? | | ?????????????????????????????????????????????????? | | ?????????????????????????????????????????????????? | | ?????????????????????????????????????????????????? | | ?????????????????????????????????????????????????? | | ?????????????????????????????????????????????????? | | ?????????????????????????????????????????????????? | | ?????????????????????????????????????????????????? | | ?????????????????????????????????????????????????? | | ?????????????????????????????????????????????????? | | ?????????????????????????????????????????????????? | | ?????????????????????????????????????????????????? | | ?????????????????????????????????????????????????? | | ?????????????????????????????????????????????????? | | ?????????????????????????????????????????????????? | | ?????????????????????????????????????????????????? | | ?????????????????????????????????????????????????? | | ?????????????????????????????????????????????????? | | ????????????????##??##########???? #????????????? | | ????????????????# ###"" #R ## #?????????????? | | ?????######???#### """"""@ #?????????????? | | ????##"" ##### " % R""" #?????????????? | | ????#"" # """# ####" ????????????? | | ????#" # #####???## ## ???????????? | | "??## ####?????????# #????????????????? | | "?# ### # #????????????# #????????????????? | | ""## ##########????????????? #???????????????? | | " "" ##????????????????????? ??????????????? | | """ "" #??????????????????????"" ?????????????? | | # # "" #???????????????????????## #????????????? | | # ## " ##??????????????????????????"????????????? | | #"###" ##????????????????????????????????????????? | | """## ####?????????????????????????????????????? | | ## "# ""##????????????????????????????????????? | | < "" "#????????????????????????????????????? | | """ " ##???????????????????????????????????? | | " """" #???????????????????????????????????? | | "" #???????????????????????????????????? | | ### ##???????????????????????????????????? | | ??# #????????????????????????????????????? | | ??# # #????????????????????????????????????? | | ??#### #????????????????????????????????????? | | ?????## ## #??????????????????????????????????? | | ?????# #?? #??????????????????????????????????? | | ?????#& =##??##??????????????????????????????????? | +----------------------------------------------------+ Best States ------------- Heat Dissipation 25 Energy Generation 10 Energy Capacity 125 Matter Stores 300 Matter Capacity 300 Sight Range 16 Terrain Scan Density 10 Armor Coverage 150 Evasion (%) 55 Item Schematics ----------------- None Robot Schematics ------------------ None Fabricated ------------ Nothing Alien Tech Used ----------------- None Achievements -------------- None Challenges ------------ None Game ------ Seed SpikedSupercompositeWarhead Manual? 0 Play Time 00:16:50 Cumulative 174.8 hours Start 2024.03.04 @ 09:46:09 End 2024.03.04 @ 10:00:47 Sessions 2 Manual Loads 0 Difficulty Rogue Special Mode None Game No. 132 Rogue 122 Adventurer 0 Explorer 10 Win Type - Total 3 Types 3/0/0/0/0/0/0/0/0 Lore% 57 Gallery% 68 Achievement% 51 Wizard Run 0 Options --------- Layout 1 ASCII 0 Keyboard 0 Movement Arrows Keybinds 1 Fullscreen 1 Font 24/Smallcaps Map View 50x35 Zoom Use 0% Tactical HUD 1 Map Filters NONE Filters NONE Steam 1 RUN: cfb67800-36d2-4518-86c4-41a6add8216e